 Dungeon Crawl Stone Soup version 0.30-a0-166-g5d06c95188 (webtiles) character file.

Game seed: 9658753815605808013

88 qw the Chopper (level 4, -1/28 HPs)
             Began as a Gargoyle Fighter on Sept 29, 2022.
             Slain by a gnoll
             ... wielding a +0 halberd
              (11 damage)
             ... on level 3 of the Dungeon.
             The game lasted 00:00:51 (2279 turns).

qw the Chopper (Gargoyle Fighter)                   Turns: 2279, Time: 00:00:52

Health: -1/28      AC: 15    Str: 25    XL:     4   Next: 54%
Magic:  4/4        EV:  7    Int:  8    God:
Gold:   82         SH:  4    Dex:  8    Spells: 3/3 levels left

rFire   . . .      SeeInvis +    Y - +0 war axe (venom)
rCold   . . .      Faith    .    c - +0 buckler
rNeg    + . .      Spirit   .    v - +0 chain mail
rPois   inf        Reflect  .    (no helmet)
rElec   +          Harm     .    (no cloak)
rCorr   .          Rampage  .    (no gloves)
Will    .....                    i - +0 pair of boots
Stlth   ..........               (no amulet)
HPRegen 0.09/turn                h - ring of see invisible
MPRegen 0.09/turn                (no ring)

@: unable to drink
A: sickness immunity, AC +3, negative energy resistance 1, electricity
resistance, torment resistance 1, petrification resistance, iridescent scales 1,
strong 1, inability to drink after injury 1
a: no special abilities


You were on level 3 of the Dungeon.
You visited 1 branch of the dungeon, and saw 3 of its levels.

You collected 82 gold pieces.


Innate Abilities, Weirdness & Mutations

You are immune to sickness and miasma.
Your stone body is resilient. (AC +3)
You are immune to poison.
You resist negative energy. (rN+)
You are resistant to electric shocks. (rElec)
You are resistant to unholy torment.
You are immune to petrification.
You are partially covered in iridescent scales. (AC +2)
Your muscles are strong. (Str +4, Int/Dex -1)
You occasionally lose the ability to drink potions when taking damage.


   Skills:
 - Level 3.2 Fighting
 + Level 4.2 Axes
 - Level 3.2 Armour
 - Level 3.2 Shields


You had 3 spell levels left.
You didn't know any spells.
Your spell library was empty.

Inventory:

Hand Weapons
 u - a +0 whip
 Y - a +0 war axe of venom (weapon)
Armour
 c - a +0 buckler (worn)
 i - a +0 pair of boots (worn)
 v - a +0 chain mail (worn)
Jewellery
 h - a ring of see invisible (left hand)
Potions
 d - a potion of might
 e - a potion of resistance {unknown}
 f - a potion of heal wounds {unknown}
 g - a potion of cancellation
 j - 2 potions of curing
 l - a potion of brilliance {unknown}
 m - a potion of lignification {unknown}
 t - a potion of degeneration {unknown}

Dungeon Overview and Level Annotations

Branches:
Dungeon (3/15)

Altars:

Annotations:
D:1 1 transporter


Message History

A gnoll comes into view. It is wielding a +0 halberd.
2266 ||| Stepping ~*~*~tactically~*~*~ (stealth).
A jelly, a kobold and a gnoll come into view.
The jelly quivers.
The kobold shouts!
The gnoll shouts! x2
The kobold moves out of view.
2268 ||| Stepping ~*~*~tactically~*~*~ (hiding).
2270 ||| Stepping ~*~*~tactically~*~*~ (hiding).
You hit the gnoll.
The gnoll is poisoned.
The gnoll is lightly wounded.
The gnoll hits you but does no damage.
You barely miss the gnoll.
The gnoll is lightly wounded.
The gnoll hits you but does no damage. The gnoll hits you with a +0 whip.
You hit the gnoll.
The gnoll looks as sick as possible!
The gnoll is severely wounded.
You kill the gnoll!
You hit the gnoll.
The gnoll is moderately wounded.
The gnoll hits you but does no damage.
You barely miss the gnoll.
The gnoll is moderately wounded.
You block the gnoll's attack. The gnoll hits you with a +0 whip.
The gnoll barely misses you. The gnoll hits you but does no damage.
You barely miss the gnoll.
The gnoll is moderately wounded.
The gnoll hits you from afar with a +0 halberd.
The gnoll hits you but does no damage.
You slash the gnoll!
You kill the gnoll!
The gnoll hits you but does no damage.
A kobold comes into view. It is wielding a +0 dagger of flaming.
The kobold shouts!
The gnoll barely misses you.
The gnoll hits you from afar with a +0 halberd.
You feel threatened and lose the ability to drink potions!
Items here: %% )).
You closely miss the gnoll. The gnoll hits you with a +0 halberd!
You die...

#.# #.##+##
#.# #.#
#.### #...#
###:# #.##
#..# ##.#
#@# #g#
#...Kg...gJ.
#.##.#.../..
# #.#...#g.
#.. .K.. ###
((#.# .. .
...


You could see 2 gnolls and 2 kobolds.

Vanquished Creatures
  An adder (D:2)
  2 gnolls (D:3)
  2 worms (D:2)
  3 dart slugs (D:2)
  3 endoplasms
  4 giant cockroaches (D:1)
  5 goblins
  4 hobgoblins
  3 jackals (D:1)
  A quokka (D:2)
  4 ball pythons
  8 bats
  3 frilled lizards
  2 kobolds
  4 rats
49 creatures vanquished.

Notes
Turn   | Place    | Note
-------+----------+-------------------------------------------
     0 | D:1      | qw the Gargoyle Fighter began the quest for the Orb.
     0 | D:1      | Reached XP level 1. HP: 14/14 MP: 1/1
     0 | D:1      | 0 ||| qw: Version: 0.2-a-12-gaebbb33
     0 | D:1      | 0 ||| qw: Game counter: 1029
     0 | D:1      | 0 ||| qw: Always use a shield: true
     0 | D:1      | 0 ||| qw: God list: Okawaru
     0 | D:1      | 0 ||| qw: Allow faded altars: false
     0 | D:1      | 0 ||| qw: Do Orc after D:15 true
     0 | D:1      | 0 ||| qw: Do second Lair branch before Depths: true
     0 | D:1      | 0 ||| qw: Lair rune preference: random
     0 | D:1      | 0 ||| qw: Plans: Normal, Zot:1-4, God:TSO, Crypt, Tomb,
                  | Pan, Slime:5, Hells, Abyss, Orb
     0 | D:1      | 0 ||| PLANNING D:1-11
   118 | D:1      | Reached skill level 2 in Axes
   203 | D:1      | Found a faded altar of an unknown god.
   299 | D:1      | 299 ||| Stepping ~*~*~tactically~*~*~ (stealth).
   321 | D:1      | Reached XP level 2. HP: 19/19 MP: 2/2
   539 | D:1      | 539 ||| Stepping ~*~*~tactically~*~*~ (stealth).
   608 | D:1      | Reached skill level 3 in Axes
   661 | D:1      | 661 ||| Stepping ~*~*~tactically~*~*~ (stealth).
   662 | D:1      | 662 ||| Stepping ~*~*~tactically~*~*~ (stealth).
   666 | D:1      | 666 ||| Stepping ~*~*~tactically~*~*~ (stealth).
   667 | D:1      | 667 ||| Stepping ~*~*~tactically~*~*~ (stealth).
   682 | D:1      | Reached XP level 3. HP: 23/23 MP: 3/3
   870 | D:1      | 870 ||| UPGRADING to +0 pair of boots.
   875 | D:1      | 875 ||| UPGRADING to ring of see invisible.
   876 | D:1      | 876 ||| READING scroll labelled CAEMIBROL.
   877 | D:1      | 877 ||| DRINKING 2 glowing green potions.
   981 | D:2      | 981 ||| Stepping ~*~*~tactically~*~*~ (stealth).
   989 | D:2      | 989 ||| Stepping ~*~*~tactically~*~*~ (hiding).
   991 | D:2      | 991 ||| Stepping ~*~*~tactically~*~*~ (hiding).
  1120 | D:2      | 1120 ||| Stepping ~*~*~tactically~*~*~ (hiding).
  1534 | D:2      | Reached XP level 4. HP: 14/28 MP: 4/4
  1751 | D:2      | 1751 ||| DROPPING +0 club.
  1952 | D:2      | 1952 ||| UPGRADING to +3 ring mail.
  1962 | D:2      | 1962 ||| DROPPING +0 scale mail.
  1963 | D:2      | 1963 ||| UPGRADING to +0 chain mail.
  1973 | D:2      | 1973 ||| DROPPING +3 ring mail.
  1974 | D:2      | 1974 ||| DROPPING ring of magical power.
  1975 | D:2      | 1975 ||| READING scroll labelled POREUL SINNA.
  2076 | D:2      | 2076 ||| READING scroll labelled VUJ BETUD FEN.
  2077 | D:2      | 2077 ||| READING scroll labelled LIMMUI UWOXZIT.
  2078 | D:2      | 2078 ||| READING scroll labelled FAUREL ONWOUBBEIGG.
  2079 | D:2      | 2079 ||| DRINKING 2 amethyst potions.
  2080 | D:2      | 2080 ||| DRINKING 2 clear potions.
  2080 | D:2      | Gained mutation: You are partially covered in iridescent
                  | scales. (AC +2) [potion of mutation]
  2080 | D:2      | Gained mutation: You are frail. (-10% HP) [potion of
                  | mutation]
  2081 | D:2      | 2081 ||| DRINKING potion of mutation.
  2081 | D:2      | Lost mutation: You are frail. (-10% HP) [potion of
                  | mutation]
  2081 | D:2      | Lost mutation: You are partially covered in iridescent
                  | scales. (AC +2) [potion of mutation]
  2081 | D:2      | Gained mutation: Your muscles are strong. (Str +4, Int/Dex
                  | -1) [potion of mutation]
  2081 | D:2      | Gained mutation: You occasionally lose the ability to drink
                  | potions when taking damage. [potion of mutation]
  2081 | D:2      | Gained mutation: You are partially covered in iridescent
                  | scales. (AC +2) [potion of mutation]
  2104 | D:2      | 2104 ||| DRINKING 3 fizzy orange potions.
  2209 | D:2      | 2209 ||| DROPPING 2 potions of berserk rage.
  2237 | D:3      | Reached skill level 4 in Axes
  2266 | D:3      | 2266 ||| Stepping ~*~*~tactically~*~*~ (stealth).
  2268 | D:3      | 2268 ||| Stepping ~*~*~tactically~*~*~ (hiding).
  2270 | D:3      | 2270 ||| Stepping ~*~*~tactically~*~*~ (hiding).
  2279 | D:3      | Slain by a gnoll

Levels and vault maps discovered:
D:1:      spicycebolla_arrival_risky_transporter, layout_loops_ring,
          chequers_ecumenical_altar_twisty
D:2:      layout_basic, chequers_serial_rivers_micro_c,
          kennysheep_generic_room_15
D:3:      layout_loops_cross, roderic_serpentine_path

Skill      XL: |  1  2  3  4 |
---------------+-------------+-----
Axes           | 2 3 4 |  4.2
Fighting       | |  3.2
Armour         | |  3.2
Shields        | |  3.2

Action                   |  1- 3 |  4- 6 || total
-------------------------+-------+-------++-------
Melee: War axe           |   141 |    29 ||   170
  Use: Scroll            |     1 |     4 ||     5
       Potion            |     1 |     4 ||     5
Armor: Scale mail        |    81 |    10 ||    91
       Chain mail        |       |     6 ||     6
Dodge: Dodged            |    73 |     8 ||    81
Block: Buckler           |    35 |     5 ||    40

Table legend:
 A = Non-vault XP
 B = Vault XP
 C = Vault XP percentage of total XP
 D = Non-vault monster count
 E = Vault monster count
 F = Vault count percentage of total count
                 A         B        C        D         E       F
            +---------+---------+-------+---------+---------+-------
      Total |     122 |       5 |   3.9 |      47 |       2 |   4.1
            +---------+---------+-------+---------+---------+-------
        D:1 |      37 |       0 |   0.0 |      23 |       0 |   0.0
        D:2 |      55 |       5 |   8.3 |      21 |       2 |   8.7
        D:3 |      30 |       0 |   0.0 |       3 |       0 |   0.0
            +---------+---------+-------+---------+---------+-------
